3AA
ASHEVILLE HIGHLANDERS @ AKRON BLIMPS
08/23/2039
 
TOP OF THE 1ST
Asheville Highlanders batting - Pitching for Akron Blimps : RHP Dan Burton
Pitching: RHP Dan Burton
Batting: LHB Ji-e Loh 0-0: Called Strike
0-1: Foul Ball, location: 2F
0-2: Ball
1-2: Foul Ball, location: 2F
1-2: Ball
2-2: Fly out, F8 (Flyball, 8RM, EV 91.9 MPH)
Batting: LHB Kevin McIndeor 0-0: Called Strike
0-1: Ball
1-1: Ball
2-1: Ball
3-1: Base on Balls
Batting: RHB Tony Castellanos 0-0: Ball
1-0: Ball
2-0: Called Strike
2-1: Foul Ball, location: 2F
2-2: Ball
3-2: SINGLE (Line Drive, 7S, EV 91.9 MPH)
Kevin McIndeor to second
Batting: SHB Christian Cole 0-0: Ball
1-0: Called Strike
1-1: Swinging Strike
1-2: Foul Ball, location: 2F
1-2: Fly out, F7 (Flyball, 7LM, EV 85.6 MPH)
Batting: LHB Frank Morris 0-0: Ball
1-0: Foul Ball, location: 2F
1-1: Ground out U3 (Groundball, 3L, EV 90.6 MPH)
Top of the 1st over - 0 runs, 1 hit, 0 errors, 2 left on base; Asheville 0 - Akron 0
BOTTOM OF THE 1ST
Akron Blimps batting - Pitching for Asheville Highlanders : RHP Dylan Grandjean
Pitching: RHP Dylan Grandjean
Batting: RHB Roberto Ramos 0-0: Ball
1-0: Called Strike
1-1: Foul Ball, location: 2F
1-2: Strikes out looking
Batting: LHB Fernando Negrete 0-0: Called Strike
0-1: Fly out, F7 (Flyball, 7, EV 78.1 MPH)
Batting: LHB Pedro Guerrero 0-0: Ball
1-0: Called Strike
1-1: Foul Ball, location: 2F
1-2: Ball
2-2: Ground out 4-3 (Groundball, 4, EV 84.4 MPH)
Bottom of the 1st over - 0 runs, 0 hits, 0 errors, 0 left on base; Asheville 0 - Akron 0
TOP OF THE 2ND
Asheville Highlanders batting - Pitching for Akron Blimps : RHP Dan Burton
Batting: RHB Don Skerrett 0-0: Foul Ball, location: 2F
0-1: Foul Ball, location: 2F
0-2: Ball
1-2: SINGLE (Groundball, 25, EV 63.1 MPH) (infield hit)
Batting: RHB Cédric Causse 0-0: Called Strike
0-1: Swinging Strike
0-2: Ball
1-2: Ball
2-2: Strikes out looking
Batting: SHB Dean Barthorpe 0-0: Ball
1-0: Ball
2-0: Ball
3-0: Called Strike
3-1: Base on Balls
Don Skerrett to second
Batting: RHB José García 0-0: Ball
1-0: Ball
2-0: Called Strike
2-1: Ball
3-1: Called Strike
3-2: Strikes out swinging
Batting: LHB Ji-e Loh 0-0: Reached on error, E4 (Groundball, 4, EV 101.2 MPH)
Don Skerrett to third
Dean Barthorpe to second
Batting: LHB Kevin McIndeor 0-0: Ground out 4-3 (Groundball, 4, EV 82.5 MPH)
Top of the 2nd over - 0 runs, 1 hit, 1 error, 3 left on base; Asheville 0 - Akron 0
BOTTOM OF THE 2ND
Akron Blimps batting - Pitching for Asheville Highlanders : RHP Dylan Grandjean
Batting: RHB Mathew Mayo 0-0: Called Strike
0-1: Ball
1-1: Fly out, F8 (Flyball, 8LXD, EV 107.5 MPH)
Batting: RHB Ernest Franks 0-0: Called Strike
0-1: Foul Ball, location: 2F
0-2: Ball
1-2: Ball
2-2: Strikes out looking
Batting: RHB Raffaello Dichio 0-0: SINGLE (Line Drive, 34, EV 107.5 MPH)
Batting: RHB Jackson Cluff 0-0: Ball
1-0: Foul Ball, location: 2F
1-1: Fly out, F8 (Flyball, 8LD, EV 94.4 MPH)
Bottom of the 2nd over - 0 runs, 1 hit, 0 errors, 1 left on base; Asheville 0 - Akron 0
TOP OF THE 3RD
Asheville Highlanders batting - Pitching for Akron Blimps : RHP Dan Burton
Batting: RHB Tony Castellanos 0-0: Called Strike
0-1: SINGLE (Groundball, 6MD, EV 110.0 MPH)
Batting: SHB Christian Cole 0-0: Grounds into double play, 4-6-3 (Groundball, 4, EV 93.8 MPH)
Batting: LHB Frank Morris 0-0: Ball
1-0: Ball
2-0: Ball
3-0: Base on Balls
Batting: RHB Don Skerrett 0-0: Swinging Strike
0-1: Called Strike
0-2: Strikes out swinging
Top of the 3rd over - 0 runs, 1 hit, 0 errors, 1 left on base; Asheville 0 - Akron 0
BOTTOM OF THE 3RD
Akron Blimps batting - Pitching for Asheville Highlanders : RHP Dylan Grandjean
Batting: RHB Pedro Martínez 0-0: Ground out 6-3 (Groundball, 6S, EV 71.9 MPH)
Batting: RHB Jim Robbins 0-0: Called Strike
0-1: Ball
1-1: Swinging Strike
1-2: Strikes out swinging
Batting: RHB Roberto Ramos 0-0: Called Strike
0-1: Fly out, F9 (Flyball, 9LSF, EV 81.2 MPH)
Bottom of the 3rd over - 0 runs, 0 hits, 0 errors, 0 left on base; Asheville 0 - Akron 0
TOP OF THE 4TH
Asheville Highlanders batting - Pitching for Akron Blimps : RHP Dan Burton
Batting: RHB Cédric Causse 0-0: Ball
1-0: Swinging Strike
1-1: Called Strike
1-2: Foul Ball, location: 2F
1-2: Foul Ball, location: 2F
1-2: Ball
2-2: Fly out, F8 (Line Drive, 8LD, EV 84.4 MPH)
Batting: SHB Dean Barthorpe 0-0: Ball
1-0: Ball
2-0: Called Strike
2-1: Foul Ball, location: 2F
2-2: SINGLE (Flyball, 9S, EV 83.8 MPH)
Batting: RHB José García 0-0: Fly out, F9 (Flyball, 89M, EV 86.9 MPH)
Batting: LHB Ji-e Loh 0-0: Called Strike
0-1: Fielders Choice at 2nd, 6-4 (Groundball, 6, EV 101.2 MPH)
Top of the 4th over - 0 runs, 1 hit, 0 errors, 1 left on base; Asheville 0 - Akron 0
BOTTOM OF THE 4TH
Akron Blimps batting - Pitching for Asheville Highlanders : RHP Dylan Grandjean
Batting: LHB Fernando Negrete 0-0: Ball
1-0: Foul Ball, location: 2F
1-1: Ball
2-1: Bunt for hit to 23 - play at first, batter safe!
Batting: LHB Pedro Guerrero 0-0: Called Strike
0-1: Grounds out, U3 (Groundball, 3L, EV 103.1 MPH)
Batting: RHB Mathew Mayo 0-0: Ball
1-0: Ball
2-0: Ball
3-0: Base on Balls
Batting: RHB Ernest Franks 0-0: Foul Ball, location: 2F
0-1: Ball
1-1: Fly out, F8 (Line Drive, 8RM, EV 90.6 MPH)
Batting: RHB Raffaello Dichio 0-0: Ball
1-0: Fly out, F7 (Line Drive, 7, EV 98.8 MPH)
Bottom of the 4th over - 0 runs, 1 hit, 0 errors, 2 left on base; Asheville 0 - Akron 0
TOP OF THE 5TH
Asheville Highlanders batting - Pitching for Akron Blimps : RHP Dan Burton
Batting: LHB Kevin McIndeor 0-0: Fly out, F7 (Flyball, 7, EV 92.5 MPH)
Batting: RHB Tony Castellanos 0-0: Ball
1-0: Ball
2-0: SINGLE (Line Drive, 89M, EV 106.9 MPH)
Batting: SHB Christian Cole 0-0: Ball
1-0: Ball
2-0: Called Strike
2-1: Called Strike
Tony Castellanos steals 2nd base (no throw)
2-2: DOUBLE (Flyball, 8RXD, EV 91.9 MPH)
Tony Castellanos scores
Batting: LHB Frank Morris 0-0: Called Strike
0-1: Ball
1-1: Ground out 4-3 (Groundball, 34D, EV 85.0 MPH)
Christian Cole to third
Batting: RHB Don Skerrett 0-0: Ball
1-0: Ball
2-0: Called Strike
2-1: Called Strike
2-2: Foul Ball, location: 2F
2-2: Strikes out swinging
Top of the 5th over - 1 run, 2 hits, 0 errors, 1 left on base; Asheville 1 - Akron 0
BOTTOM OF THE 5TH
Akron Blimps batting - Pitching for Asheville Highlanders : RHP Dylan Grandjean
Batting: RHB Jackson Cluff 0-0: Called Strike
0-1: SINGLE (Line Drive, 34D, EV 108.1 MPH)
Batting: RHB Pedro Martínez 0-0: Ball
1-0: Sac Bunt to 23 - play at first, batter OUT! 3-4
Jackson Cluff to second
Batting: RHB Jim Robbins 0-0: Called Strike
0-1: Foul Ball, location: 2F
0-2: Strikes out looking
Batting: RHB Roberto Ramos 0-0: Ball
1-0: Ball
2-0: Foul Ball, location: 2F
2-1: Ball
3-1: Fly out, F4 (Popup, 4, EV 71.2 MPH)
Bottom of the 5th over - 0 runs, 1 hit, 0 errors, 1 left on base; Asheville 1 - Akron 0
TOP OF THE 6TH
Asheville Highlanders batting - Pitching for Akron Blimps : RHP Dan Burton
Batting: RHB Cédric Causse 0-0: Called Strike
0-1: DOUBLE (Flyball, 8LXD, EV 108.8 MPH)
Batting: SHB Dean Barthorpe 0-0: Intentional Walk
Batting: RHB José García 0-0: Called Strike
0-1: SINGLE (Line Drive, 56D, EV 95.0 MPH)
Cédric Causse to third
Dean Barthorpe to second
Runner from 3rd tries for Home, SAFE, no throw by LF
Batting: LHB Ji-e Loh 0-0: Ball
1-0: Foul Ball, location: 2F
1-1: Foul Ball, location: 2F
1-2: Foul Ball, location: 2F
1-2: Foul Ball, location: 2F
1-2: Fly out, F8 (Flyball, 8RXD, EV 88.8 MPH)
Runner from 2nd tags up, SAFE at 3rd, no throw by CF
Pitching: RHP Rod Shannon
Batting: LHB Kevin McIndeor 0-0: Ball
1-0: Ball
2-0: Ball
3-0: Called Strike
3-1: Foul Ball, location: 2F
3-2: Base on Balls
José García to second
Batting: RHB Tony Castellanos 0-0: Ball
1-0: Called Strike
1-1: Ball
2-1: Fly out, F8 (Line Drive, 8RM, EV 95.6 MPH)
Runner from 3rd tags up, SCORES, no throw by CF
Batting: SHB Christian Cole 0-0: Ball
Wild Pitch!
José García to third
Kevin McIndeor to second
1-0: Swinging Strike
1-1: Ball
2-1: Ball
3-1: SINGLE (Groundball, 6MD, EV 106.9 MPH)
José García scores
Kevin McIndeor to third
Runner from 3rd tries for Home, SAFE, throw by CF to home
Batting: LHB Frank Morris 0-0: Swinging Strike
0-1: Ball
1-1: Called Strike
1-2: Strikes out swinging
Top of the 6th over - 4 runs, 3 hits, 0 errors, 1 left on base; Asheville 5 - Akron 0
BOTTOM OF THE 6TH
Akron Blimps batting - Pitching for Asheville Highlanders : RHP Dylan Grandjean
Batting: LHB Fernando Negrete 0-0: Swinging Strike
0-1: Ball
1-1: Ball
2-1: Foul Ball, location: 2F
2-2: SINGLE (Groundball, 34, EV 103.8 MPH) (infield hit)
Batting: LHB Pedro Guerrero 0-0: Foul Ball, location: 2F
0-1: Called Strike
0-2: Ball
1-2: Ball
2-2: Foul Ball, location: 2F
2-2: Ball
3-2: Ground out U3 (Groundball, 3L, EV 80.6 MPH)
Fernando Negrete to second
Batting: RHB Mathew Mayo 0-0: Foul Ball, location: 2F
0-1: Ball
1-1: Called Strike
1-2: Ball
2-2: Fly out, F8 (Flyball, 8LD, EV 85.6 MPH)
Batting: RHB Ernest Franks 0-0: Ball
1-0: Ball
2-0: Called Strike
2-1: Foul Ball, location: 2F
2-2: Foul Ball, location: 2F
2-2: Strikes out looking
Bottom of the 6th over - 0 runs, 1 hit, 0 errors, 1 left on base; Asheville 5 - Akron 0
TOP OF THE 7TH
Asheville Highlanders batting - Pitching for Akron Blimps : RHP Rod Shannon
Batting: RHB Don Skerrett 0-0: Foul Ball, location: 2F
0-1: Foul Ball, location: 2F
0-2: Ball
1-2: Ball
2-2: Foul Ball, location: 2F
2-2: Ball
3-2: DOUBLE (Line Drive, 78D, EV 107.5 MPH)
Batting: RHB Cédric Causse 0-0: Ground out 5-3 (Groundball, 56S, EV 85.6 MPH)
Batting: SHB Dean Barthorpe 0-0: Ball
1-0: Called Strike
1-1: Fly out, F7 (Flyball, 7LS, EV 90.6 MPH)
Batting: RHB José García 0-0: Swinging Strike
0-1: Fly out, F1 (Line Drive, P, EV 68.1 MPH)
Top of the 7th over - 0 runs, 1 hit, 0 errors, 1 left on base; Asheville 5 - Akron 0
BOTTOM OF THE 7TH
Akron Blimps batting - Pitching for Asheville Highlanders : RHP Dylan Grandjean
Pitching: RHP Jake Haynes
Batting: RHB Raffaello Dichio 0-0: Ball
1-0: Ball
2-0: Ball
3-0: Base on Balls
Batting: RHB Jackson Cluff 0-0: Ball
1-0: Ball
Wild Pitch!
Raffaello Dichio to second
2-0: Called Strike
2-1: Ball
3-1: Base on Balls
Batting: RHB Pedro Martínez 0-0: SINGLE (Groundball, 6MD, EV 108.8 MPH)
Raffaello Dichio to third
Jackson Cluff to second
Runner from 3rd tries for Home, SAFE, no throw by CF
Batting: RHB Jim Robbins 0-0: Bunted foul
0-1: Ball
1-1: Bunt missed!
1-2: Ball
2-2: Foul Ball, location: 2F
2-2: Strikes out looking
Pitching: RHP De Dion-Bouton
Batting: RHB Roberto Ramos 0-0: Called Strike
Jackson Cluff is caught stealing 3rd base 2-5
0-1: Swinging Strike
0-2: SINGLE (Groundball, 56, EV 107.5 MPH) (infield hit)
Pedro Martínez to second
Batting: LHB Fernando Negrete 0-0: Fly out, F6 (Line Drive, 6, EV 61.9 MPH)
Bottom of the 7th over - 1 run, 2 hits, 0 errors, 2 left on base; Asheville 5 - Akron 1
TOP OF THE 8TH
Asheville Highlanders batting - Pitching for Akron Blimps : RHP Rod Shannon
Batting: LHB Ji-e Loh 0-0: Ball
1-0: Called Strike
1-1: Swinging Strike
1-2: Ball
2-2: Ball
3-2: Fly out, F6 (Popup, 15, EV 78.8 MPH)
Batting: LHB Kevin McIndeor 0-0: Foul Ball, location: 2F
0-1: Swinging Strike
0-2: Ball
1-2: Ball
2-2: Strikes out swinging
Batting: RHB Tony Castellanos 0-0: Foul Ball, location: 2F
0-1: Swinging Strike
0-2: Ball
1-2: Foul Ball, location: 2F
1-2: Ground out 1-3 (Groundball, 15, EV 68.1 MPH)
Top of the 8th over - 0 runs, 0 hits, 0 errors, 0 left on base; Asheville 5 - Akron 1
BOTTOM OF THE 8TH
Akron Blimps batting - Pitching for Asheville Highlanders : RHP De Dion-Bouton
Batting: LHB Pedro Guerrero 0-0: Ball
1-0: Foul Ball, location: 2F
1-1: Fly out, F8 (Line Drive, 8RM, EV 88.1 MPH)
Batting: RHB Mathew Mayo 0-0: Ball
1-0: Foul Ball, location: 2F
1-1: Ball
2-1: Foul Ball, location: 2F
2-2: Ball
3-2: Base on Balls
Batting: RHB Ernest Franks 0-0: Ball
1-0: Swinging Strike
1-1: Foul Ball, location: 2F
1-2: Foul Ball, location: 2F
1-2: Fly out, F6 (Popup, 6, EV 65.0 MPH)
Batting: RHB Raffaello Dichio 0-0: Ball
1-0: Called Strike
1-1: Foul Ball, location: 2F
1-2: Ball
2-2: Strikes out swinging
Bottom of the 8th over - 0 runs, 0 hits, 0 errors, 1 left on base; Asheville 5 - Akron 1
TOP OF THE 9TH
Asheville Highlanders batting - Pitching for Akron Blimps : RHP Rod Shannon
Batting: SHB Christian Cole 0-0: Called Strike
0-1: Ball
1-1: Ball
2-1: Ball
3-1: Base on Balls
Pitching: RHP Wiley Shaw
Batting: LHB Frank Morris 0-0: Fly out, F6 (Popup, 6MD, EV 52.5 MPH)
Batting: RHB Don Skerrett 0-0: Ball
1-0: Foul Ball, location: 2F
1-1: Ball
2-1: Ball
3-1: Foul Ball, location: 2F
3-2: Foul Ball, location: 2F
3-2: Strikes out looking
Christian Cole is caught stealing 2nd base 2-4
Batter strikes out.
Top of the 9th over - 0 runs, 0 hits, 0 errors, 0 left on base; Asheville 5 - Akron 1
BOTTOM OF THE 9TH
Akron Blimps batting - Pitching for Asheville Highlanders : RHP De Dion-Bouton
Batting: RHB Jackson Cluff 0-0: Ball
1-0: Ball
2-0: Ball
3-0: Called Strike
3-1: Ground out 6-3 (Groundball, 6, EV 106.9 MPH)
Batting: RHB Pedro Martínez 0-0: Ground out 1-3 (Groundball, 23, EV 85.0 MPH)
Batting: RHB Jim Robbins 0-0: Ball
1-0: Ball
2-0: Swinging Strike
2-1: Ground out 5-3 (Groundball, 56S, EV 70.0 MPH)
Bottom of the 9th over - 0 runs, 0 hits, 0 errors, 0 left on base; Asheville 5 - Akron 1
Wednesday, July 8th, 2020 - OOTP Baseball 20.8 Build 74